 Dungeon Crawl Stone Soup version 0.29-a0-416-g83a48905f1 (webtiles) character file.

Game seed: 419175667846073809

544 croobank the Sneak (level 7, -7/45 HPs)
             Began as an Octopode Fire Elementalist on May 16, 2022.
             Blown up by Pikel (14 damage)
             ... with a mindburst bolt
             ... on level 5 of the Dungeon.
             The game lasted 00:22:38 (7100 turns).

croobank the Sneak (Octopode Fire Elementalist)     Turns: 7100, Time: 00:22:39

Health: -7/45      AC:  1    Str:  8    XL:     7   Next: 27%
Magic:  1/11       EV: 13    Int: 19    God:
Gold:   242        SH: 10    Dex: 12    Spells: 5/12 levels left

rFire   + . .      SeeInvis .   a - +0 trident
rCold   . . .      Faith    .   g - +1 buckler "Militzopt" {rPois rF+ Slay-4 Stlth+}
rNeg    . . .      Spirit   .   (helmet restricted)
rPois   +          Reflect  +   i - amulet of reflection
rElec   .          Harm     .   (no ring)
rCorr   .          Rampage  .   (no ring)
Will    .....                   (no ring)
Stlth   +++++.....              (no ring)
HPRegen 0.15/turn               (no ring)
MPRegen 0.12/turn               (no ring)
                                (no ring)
                                (no ring)

@: mighty
A: almost no armour, amphibious, 8 rings, camouflage 1, gelatinous body 1,
(nimble swimmer 1), tentacles
a: no special abilities


You were on level 5 of the Dungeon.
You visited 1 branch of the dungeon, and saw 5 of its levels.

You collected 242 gold pieces.

Inventory:

Hand Weapons
 a - a +0 trident (weapon)
 b - a +0 hunting sling
 q - a +0 hand axe
 w - a +0 falchion
Missiles
 h - 10 poisoned darts (quivered)
 l - 80 stones
Armour
 g - the +1 buckler "Militzopt" (worn) {rPois rF+ Slay-4 Stlth+}
   (You acquired it on level 4 of the Dungeon)

   Slay:      It affects your accuracy & damage with ranged weapons and melee
   (-4).
   rF:        It protects you from fire.
   rPois:     It protects you from poison.
   Stlth:     It makes you more stealthy.
Magical Staves
 c - a staff of earth
Jewellery
 i - an amulet of reflection (around mantle)
Scrolls
 f - 3 scrolls of brand weapon
 n - a scroll of teleportation
 p - a scroll of fog
 u - a scroll of summoning {unknown}
 v - a scroll of enchant weapon {unknown}
Potions
 d - a potion of mutation
 e - a potion of curing
 k - 3 potions of magic
 m - a potion of might
 r - a potion of resistance {unknown}
 s - a potion of berserk rage {unknown}


   Skills:
 + Level 2.1 Fighting
 + Level 3.4 Dodging
 + Level 5.1 Stealth
 + Level 2.2 Shields
 + Level 3.2 Spellcasting
 + Level 2.9 Conjurations
 + Level 4.1 Fire Magic


You had 5 spell levels left.
You knew the following spells:

 Your Spells              Type           Power      Damage    Failure   Level
a - Foxfire               Conj/Fire      64%        2x1d7     4%          1
b - Scorch                Fire           36%        2d6       5%          2
c - Flame Wave            Conj/Fire      16%        2d6       41%         4

Your spell library contained the following spells:

 Spells                   Type           Power      Damage    Failure   Level
 Conjure Flame            Conj/Fire      16%        6-21      14%         3
 Inner Flame              Hex/Fire       11%        N/A       26%         3
 Call Canine Familiar     Summ           3%         N/A       52%         3
 Portal Projectile        Hex/Tloc       6%         N/A       52%         3
 Leda's Liquefaction      Hex/Erth       1%         N/A       89%         4


Dungeon Overview and Level Annotations

Branches:
Dungeon (5/15)
 Temple: D:4-7

Altars:

Shops:
D:4 :

Annotations:
D:4 Blork the orc
D:5 Pikel


Innate Abilities, Weirdness & Mutations

You cannot wear most types of armour.
You are amphibious.
You can wear up to eight rings at the same time.
Your skin changes colour to match your surroundings (Stealth+).
Your rubbery body absorbs attacks. (AC +1, EV +1)
((You are camouflaged when in or above water. (Stealth+)))
You have tentacles for arms and can constrict up to eight enemies at once.


Message History

Level annotation: Pikel
There is a stone staircase leading up here.
You aren't carrying any items that you can evoke.
Casting: Scorch (safe; 5% risk of failure)
Confirm with . or Enter, or press ? or * to list all spells.
Okay, then.
You feel very mighty all of a sudden.
You reach to attack!
You closely miss Pikel.
Pikel shouts!
You barely miss Pikel. Your grab misses Pikel.
You squeeze Pikel, but do no damage.
Pikel hits you with a +0 whip of electrocution.
You are electrocuted!
Pikel zaps a wand.
Your mind is blasted!
Casting: Scorch (safe; 5% risk of failure)
Confirm with . or Enter, or press ? or * to list all spells.
Flames lash Pikel.
Pikel is lightly wounded.
Pikel's fire resistance burns away.
You block Pikel's attack.
Casting: Scorch (safe; 5% risk of failure)
Confirm with . or Enter, or press ? or * to list all spells.
Flames lash Pikel.
Pikel is burned terribly!
Pikel is moderately wounded.
Pikel hits you with a +0 whip of electrocution.
Casting: Scorch (safe; 5% risk of failure)
Confirm with . or Enter, or press ? or * to list all spells.
Flames lash Pikel.
Pikel is burned terribly!
Pikel is heavily wounded.
Pikel misses you.
Casting: Scorch (safe; 5% risk of failure)
Confirm with . or Enter, or press ? or * to list all spells.
Flames lash Pikel.
Pikel is burned terribly!
Pikel is severely wounded.
Pikel zaps a wand.
Your mind is blasted!
* * * LOW HITPOINT WARNING * * *
Casting: Scorch (safe; 5% risk of failure)
Confirm with . or Enter, or press ? or * to list all spells.
Flames lash Pikel.
Pikel is burned terribly!
Pikel is almost dead.
Pikel zaps a wand.
Your mind is blasted!
You die...

### # #.. (#
#.#####. #.# ... #.#
#K# ####'###@#
#........#
#........#
#........#
#######........#.#
###..............#.#
######
!.............>..#.#
#....#
##.....<#........#.#
#.#.##
#.#########.###.#.#
#.#.#


You could see Pikel (combustible).

Vanquished Creatures
  A black bear (D:5)
  An ice beast (D:5)
  4 lemures (D:5)
  A scorpion (D:5)
  2 hounds
  A gnoll shaman (D:4)
  2 orc wizards
  3 gnolls (D:3)
  4 adders
  A white imp (D:5)
  2 worms (D:2)
  6 orcs
  10 bats
  7 endoplasms
  4 giant cockroaches
  5 goblins
  7 hobgoblins
  9 jackals (D:1)
  3 quokkas
  3 ball pythons
  7 frilled lizards
  7 kobolds
  4 rats
94 creatures vanquished.

Vanquished Creatures (collateral kills)
  A foxfire (D:1)
1 creature vanquished.

Vanquished Creatures (others)
  115 foxfires
  4 plants (D:1)
119 creatures vanquished.

Grand Total: 214 creatures vanquished

Notes
Turn   | Place    | Note
-------+----------+-------------------------------------------
     0 | D:1      | croobank the Octopode Fire Elementalist began the quest for
                  | the Orb.
     0 | D:1      | Reached XP level 1. HP: 11/11 MP: 3/3
   200 | D:1      | Reached XP level 2. HP: 15/17 MP: 3/5
   205 | D:1      | Reached skill level 3 in Stealth
   585 | D:1      | Learned a level 2 spell: Scorch
   742 | D:1      | Reached XP level 3. HP: 21/21 MP: 0/6
  1893 | D:2      | You fall into a shaft and drop 2 floors!
  1965 | D:4      | Identified a scroll of acquirement
  1965 | D:4      | Acquired the +1 buckler "Militzopt" {rPois rF+ Slay-4
                  | Stlth+}
  2218 | D:4      | Reached XP level 4. HP: 25/27 MP: 0/7
  2321 | D:4      | Found Wajuqu's Book Emporium.
  2335 | D:4      | Noticed Blork the orc
  3066 | D:2      | Reached skill level 4 in Stealth
  3142 | D:2      | Learned a level 4 spell: Flame Wave
  3176 | D:2      | Reached skill level 1 in Shields
  3176 | D:2      | Reached XP level 5. HP: 23/32 MP: 5/8
  3407 | D:2      | Found a faded altar of an unknown god.
  4514 | D:4      | Reached skill level 1 in Fighting
  5108 | D:3      | Reached XP level 6. HP: 25/38 MP: 6/10
  5396 | D:5      | Entered Level 5 of the Dungeon
  5608 | D:5      | Noticed Pikel
  5938 | D:5      | Noticed a black bear
  5946 | D:5      | Killed a black bear
  5948 | D:5      | Noticed an ice beast
  6011 | D:5      | Killed an ice beast
  6012 | D:5      | Reached XP level 7. HP: 32/44 MP: 2/11
  6143 | D:5      | Reached skill level 5 in Stealth
  7100 | D:5      | Blown up by Pikel

Illustrated notes

Levels and vault maps discovered:
D:1:      erik_arrival_cave_to_civilisation [erik_arrival_cave_to_hall],
          layout_basic, serial_forest, infiniplex_forest_lined_room_2,
          infiniplex_forest_straight_5, infiniplex_forest_lined_3,
          infiniplex_forest_zigzag_1, infiniplex_forest_clump_medium,
          infiniplex_forest_straight_4, infiniplex_forest_split,
          infiniplex_forest_clump_long
D:2:      layout_loops_ring, chequers_ecumenical_altar_simple
D:3:      layout_loops_ring, serial_aquarium, aquarium_bridge_long_separate
          [aquarium_subvault_bridge, aquarium_subvault_bridge,
          aquarium_subvault_bridge, aquarium_subvault_bridge,
          aquarium_subvault_wall, aquarium_subvault_balcony], aquarium_window_1,
          aquarium_window_1, aquarium_view_4, kennysheep_generic_room_9
D:4:      layout_layer_cave, serial_shops, shop, uniq_blork_the_orc
D:5:      layout_basic, uniq_ijyb, uniq_pikel

Skill      XL: |  1  2  3  4  5  6  7 |
---------------+----------------------+-----
Stealth        | 3 4 5 |  5.1
Conjurations   | 2 |  2.9
Shields        | 1 2 |  2.2
Fighting       | 1 2 |  2.1
Dodging        | 3 |  3.4
Spellcasting   | 3 |  3.2
Fire Magic     | 4 |  4.1

Action                   |  1- 3 |  4- 6 |  7- 9 || total
-------------------------+-------+-------+-------++-------
Melee: Staff             |    42 |    33 |       ||    75
       Unarmed           |     4 |       |       ||     4
       Constrict         |    10 |    17 |     1 ||    28
       Tentacles         |    10 |    13 |     2 ||    25
       Punch             |     1 |     1 |       ||     2
       Trident           |       |    53 |     5 ||    58
Throw: Dart              |       |     4 |       ||     4
 Cast: Foxfire           |    36 |    27 |     6 ||    69
       Scorch            |     7 |    29 |    27 ||    63
  Use: Scroll            |     7 |     7 |     2 ||    16
       Potion            |     1 |     1 |     1 ||     3
 Stab: Sleeping          |     2 |     8 |       ||    10
Armor: Skin              |     3 |     8 |     1 ||    12
Dodge: Dodged            |    26 |    60 |     9 ||    95
Block: Buckler           |       |    35 |     6 ||    41
       Reflection        |       |     1 |       ||     1

Table legend: (Time is in decaauts)
 A = Elapsed time spent in this place.
 B = Non-inter-level travel time spent in this place.
 C = Inter-level travel time spent in this place.
 D = Time resting spent in this place.
 E = Time spent auto-exploring this place.
 F = Levels seen in this place.
 G = Mean time per level.
                   A        B        C        D        E       F      G
               +--------+--------+--------+--------+--------+-----+--------+
         Total |   7143 |   6873 |    270 |   2184 |   3569 |   5 | 1428.6 |
       Dungeon |   7143 |   6873 |    270 |   2184 |   3569 |   5 | 1428.6 |
               +--------+--------+--------+--------+--------+-----+--------+

Top non-repeatable levels by time:
     D:1: 1792 daAuts
     D:3: 1738 daAuts
     D:2: 1288 daAuts
     D:4: 1202 daAuts
     D:5: 1121 daAuts
